[ PARTIDA AOE2 · #475881867 ]
UnrankedMagiares vs Gurjaras
Equipo del jugador · DERR
[ ANÁLISIS DE REPETICIÓN · EXTRAÍDO DE LA PARTIDA GRABADA ]
Feudal
12:00
Castillos
27:21
Imperial
—
| APM promedio | 44.4 |
| APM pico | 84 |
| eAPM promedio | 26.2 |
| Aldeanos / militares | 81 / 87 |
Foco
⚔️ 35.0% · 🌾 65.0%
Knight ×41 · Fishing Ship ×35 · Scout Cavalry ×16 · Demolition Raft ×11 · Fire Galley ×10 · Spearman ×8
Feudal
11:16
Castillos
17:23
Imperial
30:48
| APM promedio | 35.8 |
| APM pico | 61 |
| eAPM promedio | 24.7 |
| Aldeanos / militares | 116 / 55 |
Foco
⚔️ 29.5% · 🌾 70.5%
Camel Scout ×47 · Fishing Ship ×24 · Shrivamsha Rider ×4 · Monk ×2 · Fire Galley ×1 · Scout Cavalry ×1
Feudal
13:02
Castillos
17:11
Imperial
30:53
| APM promedio | 49.2 |
| APM pico | 94 |
| eAPM promedio | 24.3 |
| Aldeanos / militares | 139 / 59 |
Foco
⚔️ 27.2% · 🌾 72.8%
Knight ×42 · Fishing Ship ×14 · Petard ×7 · Bombard Cannon ×5 · Spearman ×2 · Monk ×1
Feudal
8:59
Castillos
31:08
Imperial
—
| APM promedio | 59.6 |
| APM pico | 99 |
| eAPM promedio | 31.9 |
| Aldeanos / militares | 97 / 177 |
Foco
⚔️ 47.0% · 🌾 53.0%
Scout Cavalry ×177
Feudal
—
Castillos
—
Imperial
—
| APM promedio | 38.3 |
| APM pico | 89 |
| eAPM promedio | 20.5 |
| Aldeanos / militares | 78 / 0 |
Foco
⚔️ 36.9% · 🌾 63.1%
Fishing Ship ×12
Feudal
17:58
Castillos
25:01
Imperial
—
| APM promedio | 37.0 |
| APM pico | 98 |
| eAPM promedio | 21.9 |
| Aldeanos / militares | 94 / 3 |
Foco
⚔️ 16.4% · 🌾 83.6%
Fishing Ship ×10 · Demolition Raft ×2 · Monk ×1
Feudal
19:12
Castillos
25:54
Imperial
30:02
| APM promedio | 38.7 |
| APM pico | 85 |
| eAPM promedio | 23.1 |
| Aldeanos / militares | 68 / 50 |
Foco
⚔️ 31.3% · 🌾 68.7%
Elephant Archer ×49 · Fishing Ship ×18 · Mangonel ×1
Feudal
17:47
Castillos
31:50
Imperial
36:36
| APM promedio | 31.2 |
| APM pico | 77 |
| eAPM promedio | 19.6 |
| Aldeanos / militares | 88 / 2 |
Foco
⚔️ 27.3% · 🌾 72.7%
Fishing Ship ×25 · Monk ×1 · Transport Ship ×1
Mapa de la partida
Recursos iniciales + cada clic de construcción. Líneas = muros · curvas = relieve. ◆ oro · ⬟ piedra · ● bayas · ✦ reliquia · ◌ hueco del cierre
Tu base· ✓ Cerrada en 27:21 · 1t muro · sin puerta
Base de MasteRk· Abierta — el rival se encerró
Base de DGHIR | 100.Pañales· ✓ Cerrada en 17:11 · 0t muro · sin puerta
Base de The•Real•SuperStar☼ ◄· Abierta — el rival se encerró
Base de DGHIR | chanchilaru· ✓ Cerrada en 12:00 · 56t muro · sin puerta
Base de SeemsFishy· Abierta — el rival se encerró
Base de TRex· Abierta — el rival se encerró
Base de DGHIR | Black Monk· ✓ Cerrada en 31:50 · 83t muro · 1 puerta(s)
Terreno inicial suavizado · ◌ = hueco del cierre detectado · pasá el cursor para detalles
Inputs por minuto
— DGHIR | ClinT - - MasteRk
Build order — DGHIR | ClinT
Primeras 150 de 287 acciones detectadas
| 0:01 | Crear | Villager (Male) |
| 0:01 | Crear | Villager (Male) |
| 0:02 | Construir | House |
| 0:05 | Construir | House |
| 0:07 | Crear | Villager (Male) |
| 0:10 | Crear | Villager (Male) |
| 0:10 | Crear | Villager (Male) |
| 1:28 | Crear | Villager (Male) |
| 1:29 | Crear | Villager (Male) |
| 2:11 | Crear | Villager (Male) |
| 2:11 | Crear | Villager (Male) |
| 2:12 | Crear | Villager (Male) |
| 2:13 | Crear | Villager (Male) |
| 2:49 | Construir | Lumber Camp |
| 2:59 | Crear | Villager (Male) |
| 2:59 | Crear | Villager (Male) |
| 3:01 | Crear | Villager (Male) |
| 3:45 | Crear | Villager (Male) |
| 3:49 | Crear | Villager (Male) |
| 4:27 | Crear | Villager (Male) |
| 4:32 | Construir | House |
| 4:40 | Crear | Villager (Male) |
| 5:08 | Construir | Dock |
| 5:26 | Construir | House |
| 5:35 | Crear | Villager (Male) |
| 5:35 | Crear | Villager (Male) |
| 5:47 | Crear | Fishing Ship |
| 6:24 | Crear | Fishing Ship |
| 6:24 | Crear | Fishing Ship |
| 6:28 | Crear | Villager (Male) |
| 6:28 | Crear | Villager (Male) |
| 6:28 | Crear | Villager (Male) |
| 6:55 | Crear | Villager (Male) |
| 7:02 | Crear | Fishing Ship |
| 7:11 | Construir | House |
| 7:29 | Crear | Villager (Male) |
| 7:33 | Crear | Fishing Ship |
| 7:41 | Construir | House |
| 8:05 | Crear | Villager (Male) |
| 8:11 | Construir | Lumber Camp |
| 8:28 | Crear | Villager (Male) |
| 8:38 | Crear | Fishing Ship |
| 8:38 | Crear | Fishing Ship |
| 8:58 | Crear | Villager (Male) |
| 9:11 | Construir | House |
| 9:14 | Crear | Fishing Ship |
| 9:20 | Crear | Villager (Male) |
| 9:50 | Investigar | Feudal Age |
| 9:50 | Investigar | Feudal Age |
| 10:10 | Construir | Dock |
| 10:20 | Construir | Dock |
| 10:32 | Construir | Dock |
| 10:46 | Construir | House |
| 10:47 | Crear | Fishing Ship |
| 11:06 | Construir | Mill |
| 11:16 | Crear | Fishing Ship |
| 11:16 | Crear | Fishing Ship |
| 11:24 | Crear | Villager (Male) |
| 11:26 | Construir | House |
| 11:27 | Construir | House |
| 11:49 | Construir | Barracks |
| 12:00 | Edad | Edad Feudal |
| 12:01 | Crear | Villager (Male) |
| 12:07 | Construir | Fish Trap |
| 12:10 | Construir | Fish Trap |
| 12:16 | Construir | Fish Trap |
| 12:29 | Crear | Villager (Male) |
| 12:45 | Crear | Villager (Male) |
| 12:47 | Construir | Stable |
| 13:06 | Crear | Villager (Male) |
| 13:19 | Construir | Fish Trap |
| 13:23 | Construir | Fish Trap |
| 13:26 | Crear | Scout Cavalry |
| 13:26 | Crear | Scout Cavalry |
| 13:27 | Crear | Villager (Male) |
| 13:31 | Construir | House |
| 13:31 | Construir | House |
| 13:41 | Construir | House |
| 13:43 | Investigar | Double-Bit Axe |
| 14:10 | Crear | Demolition Raft |
| 14:14 | Crear | Scout Cavalry |
| 14:21 | Construir | Fish Trap |
| 14:24 | Crear | Villager (Male) |
| 14:27 | Construir | Fish Trap |
| 14:33 | Construir | Fish Trap |
| 14:39 | Construir | Fish Trap |
| 14:40 | Crear | Demolition Raft |
| 14:41 | Crear | Demolition Raft |
| 14:41 | Crear | Villager (Male) |
| 14:41 | Crear | Villager (Male) |
| 14:45 | Crear | Demolition Raft |
| 14:46 | Crear | Demolition Raft |
| 14:57 | Crear | Scout Cavalry |
| 14:57 | Crear | Scout Cavalry |
| 14:58 | Crear | Villager (Male) |
| 15:11 | Crear | Demolition Raft |
| 15:12 | Crear | Demolition Raft |
| 15:18 | Crear | Demolition Raft |
| 15:24 | Crear | Fishing Ship ×5 |
| 15:25 | Crear | Fishing Ship ×5 |
| 15:25 | Crear | Fishing Ship |
| 15:42 | Construir | Lumber Camp |
| 15:53 | Crear | Scout Cavalry |
| 16:00 | Investigar | Loom |
| 16:00 | Investigar | Loom |
| 16:05 | Crear | Scout Cavalry |
| 16:29 | Crear | Villager (Male) |
| 16:30 | Crear | Villager (Male) |
| 16:37 | Crear | Scout Cavalry |
| 17:17 | Construir | Fish Trap |
| 17:46 | Construir | Fish Trap |
| 17:51 | Construir | Fish Trap |
| 17:57 | Crear | Scout Cavalry |
| 18:00 | Construir | Stable |
| 18:09 | Construir | Blacksmith |
| 18:17 | Construir | Mining Camp |
| 18:19 | Construir | Market |
| 18:31 | Crear | Scout Cavalry |
| 18:32 | Crear | Scout Cavalry |
| 18:50 | Construir | Watch Tower |
| 19:05 | Crear | Scout Cavalry |
| 19:05 | Crear | Scout Cavalry |
| 19:06 | Crear | Scout Cavalry |
| 19:35 | Construir | House |
| 19:37 | Construir | House |
| 19:39 | Construir | House |
| 19:41 | Construir | Palisade Wall |
| 19:57 | Crear | Scout Cavalry |
| 19:57 | Crear | Scout Cavalry |
| 20:13 | Crear | Spearman |
| 20:14 | Crear | Spearman |
| 20:41 | Crear | Spearman |
| 20:41 | Crear | Spearman |
| 20:54 | Construir | Fish Trap |
| 20:59 | Construir | Fish Trap |
| 21:02 | Construir | Fish Trap |
| 21:05 | Construir | Fish Trap |
| 21:12 | Construir | Fish Trap |
| 21:16 | Crear | Spearman |
| 21:16 | Crear | Spearman |
| 21:20 | Crear | Villager (Male) |
| 21:20 | Crear | Villager (Male) |
| 21:38 | Crear | Fishing Ship ×5 |
| 21:38 | Crear | Fishing Ship ×5 |
| 21:44 | Crear | Spearman |
| 21:44 | Crear | Spearman |
| 22:10 | Crear | Villager (Male) |
| 22:10 | Crear | Villager (Male) |
| 22:23 | Crear | Villager (Male) |
| 22:23 | Crear | Villager (Male) |
Build order — MasteRk
Primeras 150 de 429 acciones detectadas
| 0:01 | Crear | Villager (Male) |
| 0:03 | Construir | House |
| 0:05 | Construir | Mill |
| 0:20 | Crear | Villager (Male) |
| 0:21 | Crear | Villager (Male) |
| 0:21 | Crear | Villager (Male) |
| 1:00 | Construir | House |
| 1:17 | Crear | Villager (Male) |
| 1:18 | Crear | Villager (Male) |
| 1:51 | Crear | Villager (Male) |
| 1:51 | Crear | Villager (Male) |
| 2:10 | Crear | Villager (Male) |
| 2:56 | Crear | Villager (Male) |
| 2:56 | Crear | Villager (Male) |
| 2:57 | Crear | Villager (Male) |
| 2:57 | Crear | Villager (Male) |
| 3:09 | Crear | Villager (Male) |
| 3:09 | Crear | Villager (Male) |
| 3:29 | Construir | House |
| 3:49 | Crear | Villager (Male) |
| 3:50 | Crear | Villager (Male) |
| 4:01 | Construir | Lumber Camp |
| 4:10 | Crear | Villager (Male) |
| 4:29 | Investigar | Loom |
| 4:55 | Crear | Villager (Male) |
| 4:56 | Crear | Villager (Male) |
| 5:12 | Crear | Villager (Male) |
| 5:37 | Construir | House |
| 6:12 | Crear | Villager (Male) |
| 6:29 | Construir | Dock |
| 6:41 | Construir | Dock |
| 6:42 | Crear | Villager (Male) |
| 6:42 | Crear | Villager (Male) |
| 6:43 | Crear | Villager (Male) |
| 7:14 | Construir | House |
| 7:24 | Construir | House |
| 7:25 | Crear | Fishing Ship |
| 7:25 | Crear | Fishing Ship |
| 7:51 | Crear | Villager (Male) |
| 8:03 | Construir | House |
| 8:05 | Construir | Palisade Wall |
| 8:27 | Crear | Villager (Male) |
| 8:27 | Crear | Villager (Male) |
| 8:32 | Construir | Mill |
| 9:06 | Investigar | Feudal Age |
| 9:06 | Investigar | Feudal Age |
| 10:04 | Construir | Barracks |
| 10:14 | Construir | Mining Camp |
| 10:44 | Crear | Villager (Male) |
| 10:44 | Crear | Villager (Male) |
| 11:15 | Construir | House |
| 11:16 | Edad | Edad Feudal |
| 11:17 | Construir | House |
| 11:29 | Construir | Stable |
| 11:42 | Construir | Palisade Wall |
| 11:43 | Construir | Palisade Wall |
| 11:45 | Construir | Palisade Wall |
| 11:46 | Construir | Palisade Wall |
| 11:48 | Construir | Palisade Wall |
| 11:49 | Construir | Palisade Wall |
| 11:51 | Construir | Palisade Wall |
| 11:52 | Construir | Palisade Wall |
| 12:15 | Construir | Watch Tower |
| 12:19 | Crear | Scout Cavalry |
| 12:23 | Construir | House |
| 12:26 | Crear | Villager (Male) |
| 12:26 | Crear | Villager (Male) |
| 12:32 | Crear | Fire Galley |
| 12:57 | Crear | Villager (Male) |
| 13:29 | Crear | Villager (Male) |
| 13:34 | Construir | Market |
| 13:58 | Crear | Villager (Male) |
| 14:39 | Construir | Palisade Gate |
| 14:43 | Investigar | Castle Age |
| 14:51 | Crear | Fishing Ship |
| 14:51 | Crear | Fishing Ship |
| 15:05 | Construir | Lumber Camp |
| 15:29 | Investigar | Double-Bit Axe |
| 15:40 | Crear | Fishing Ship |
| 15:48 | Construir | Palisade Wall |
| 15:50 | Construir | Palisade Wall |
| 16:07 | Investigar | Horse Collar |
| 16:11 | Construir | Farm |
| 16:11 | Construir | Farm |
| 16:11 | Construir | Farm |
| 16:12 | Construir | Farm |
| 16:12 | Construir | Farm |
| 16:12 | Construir | Farm |
| 17:08 | Crear | Villager (Male) |
| 17:09 | Crear | Villager (Male) |
| 17:18 | Construir | Mining Camp |
| 17:23 | Edad | Edad de los Castillos |
| 17:41 | Construir | Town Center |
| 17:47 | Investigar | Bow Saw |
| 17:50 | Construir | Farm |
| 18:00 | Crear | Villager (Male) |
| 18:13 | Crear | Villager (Male) |
| 18:15 | Construir | Farm |
| 18:24 | Crear | Villager (Male) |
| 18:43 | Construir | Town Center |
| 18:47 | Construir | Farm |
| 19:05 | Crear | Villager (Male) |
| 19:05 | Crear | Villager (Male) |
| 19:14 | Crear | Fishing Ship |
| 19:19 | Crear | Villager (Male) |
| 19:34 | Construir | Fish Trap |
| 19:40 | Investigar | Tech 906 |
| 19:41 | Crear | Villager (Male) |
| 19:42 | Crear | Villager (Male) |
| 19:47 | Construir | Fish Trap |
| 19:56 | Crear | Villager (Male) |
| 19:57 | Crear | Villager (Male) |
| 19:57 | Crear | Villager (Male) |
| 20:14 | Crear | Villager (Male) |
| 20:20 | Construir | Fish Trap |
| 20:23 | Construir | Fish Trap |
| 20:27 | Crear | Fishing Ship |
| 20:28 | Crear | Fishing Ship |
| 20:30 | Crear | Villager (Male) |
| 20:31 | Crear | Villager (Male) |
| 20:37 | Construir | House |
| 20:37 | Construir | House |
| 20:37 | Construir | House |
| 20:37 | Construir | House |
| 20:38 | Construir | House |
| 20:38 | Construir | House |
| 20:38 | Construir | House |
| 21:06 | Construir | Dock |
| 21:08 | Investigar | Gillnets |
| 21:11 | Crear | Villager (Male) |
| 21:11 | Crear | Villager (Male) |
| 21:18 | Construir | Fish Trap |
| 21:25 | Construir | Fish Trap |
| 21:31 | Crear | Villager (Male) |
| 21:31 | Crear | Villager (Male) |
| 21:38 | Construir | Lumber Camp |
| 21:39 | Crear | Villager (Male) |
| 21:39 | Crear | Villager (Male) |
| 21:55 | Crear | Fishing Ship |
| 21:55 | Crear | Fishing Ship |
| 21:59 | Construir | Fish Trap |
| 22:10 | Crear | Villager (Male) |
| 22:10 | Crear | Villager (Male) |
| 22:16 | Crear | Fishing Ship |
| 22:17 | Crear | Fishing Ship |
| 22:40 | Construir | Town Center |
| 22:42 | Construir | House |
| 22:42 | Construir | House |
| 22:42 | Construir | House |
| 22:42 | Construir | House |
Build order — DGHIR | 100.Pañales
Primeras 150 de 400 acciones detectadas
| 0:01 | Crear | Villager (Male) |
| 0:02 | Construir | House |
| 0:04 | Construir | House |
| 0:15 | Crear | Villager (Male) |
| 0:15 | Crear | Villager (Male) |
| 0:16 | Crear | Villager (Male) |
| 1:26 | Crear | Villager (Male) |
| 1:45 | Construir | Lumber Camp |
| 2:05 | Crear | Villager (Male) |
| 2:18 | Crear | Villager (Male) |
| 2:46 | Crear | Villager (Male) |
| 2:47 | Crear | Villager (Male) |
| 3:07 | Crear | Villager (Male) |
| 3:35 | Crear | Villager (Male) |
| 3:47 | Crear | Villager (Male) |
| 3:52 | Construir | House |
| 4:02 | Construir | House |
| 4:29 | Crear | Villager (Male) |
| 4:29 | Crear | Villager (Male) |
| 4:40 | Construir | Mill |
| 4:46 | Crear | Villager (Male) |
| 4:46 | Crear | Villager (Male) |
| 5:27 | Crear | Villager (Male) |
| 5:27 | Crear | Villager (Male) |
| 5:28 | Crear | Villager (Male) |
| 5:28 | Crear | Villager (Male) |
| 5:35 | Crear | Villager (Male) |
| 5:35 | Crear | Villager (Male) |
| 6:12 | Construir | Farm |
| 6:15 | Crear | Villager (Male) |
| 6:17 | Construir | Farm |
| 6:51 | Crear | Villager (Male) |
| 7:08 | Construir | Dock |
| 7:15 | Crear | Villager (Male) |
| 7:22 | Crear | Villager (Male) |
| 7:28 | Crear | Villager (Male) |
| 7:37 | Crear | Villager (Male) |
| 7:40 | Construir | House |
| 7:41 | Construir | House |
| 7:44 | Crear | Villager (Male) |
| 7:45 | Crear | Villager (Male) |
| 7:45 | Crear | Villager (Male) |
| 8:17 | Crear | Villager (Male) |
| 8:19 | Crear | Fishing Ship |
| 8:51 | Crear | Villager (Male) |
| 8:53 | Crear | Fishing Ship |
| 9:24 | Construir | Lumber Camp |
| 9:29 | Crear | Villager (Male) |
| 9:38 | Crear | Fishing Ship |
| 9:49 | Construir | House |
| 10:05 | Crear | Fishing Ship |
| 10:43 | Construir | Mining Camp |
| 10:46 | Investigar | Feudal Age |
| 11:44 | Crear | Villager (Male) |
| 11:45 | Crear | Villager (Male) |
| 12:03 | Crear | Fishing Ship |
| 12:24 | Construir | Farm |
| 12:27 | Construir | Farm |
| 12:30 | Construir | Farm |
| 13:02 | Edad | Edad Feudal |
| 13:14 | Construir | Market |
| 13:16 | Construir | Blacksmith |
| 13:22 | Investigar | Double-Bit Axe |
| 13:35 | Construir | Dock |
| 14:02 | Construir | House |
| 14:14 | Construir | House |
| 14:31 | Investigar | Castle Age |
| 14:43 | Construir | House |
| 14:43 | Construir | House |
| 14:51 | Investigar | Tech 906 |
| 14:51 | Crear | Fishing Ship |
| 14:57 | Construir | Fish Trap |
| 15:01 | Construir | Fish Trap |
| 15:08 | Construir | Fish Trap |
| 15:20 | Construir | Fish Trap |
| 15:26 | Construir | Fish Trap |
| 15:33 | Crear | Fishing Ship |
| 15:33 | Crear | Fishing Ship |
| 15:34 | Crear | Villager (Male) |
| 15:40 | Crear | Villager (Male) |
| 15:43 | Construir | House |
| 15:54 | Construir | Fish Trap |
| 16:06 | Crear | Villager (Male) |
| 16:18 | Construir | Fish Trap |
| 16:29 | Crear | Fishing Ship |
| 16:29 | Crear | Fishing Ship |
| 16:32 | Investigar | Forging |
| 16:32 | Investigar | Forging |
| 16:36 | Crear | Fishing Ship |
| 16:37 | Crear | Fishing Ship |
| 16:58 | Crear | Fishing Ship |
| 16:58 | Crear | Fishing Ship |
| 17:11 | Edad | Edad de los Castillos |
| 17:15 | Investigar | Bow Saw |
| 17:26 | Construir | Fish Trap |
| 17:36 | Construir | Fish Trap |
| 17:45 | Crear | Villager (Male) |
| 17:59 | Crear | Villager (Male) |
| 18:07 | Crear | Villager (Male) |
| 18:11 | Construir | Town Center |
| 18:20 | Construir | Fish Trap |
| 18:29 | Crear | Villager (Male) |
| 18:29 | Crear | Villager (Male) |
| 18:29 | Crear | Villager (Male) |
| 18:38 | Construir | House |
| 18:52 | Construir | Fish Trap |
| 18:59 | Crear | Villager (Male) |
| 19:08 | Construir | Town Center |
| 19:14 | Investigar | Loom |
| 19:17 | Investigar | Wheelbarrow |
| 19:18 | Crear | Villager (Male) |
| 19:33 | Crear | Villager (Male) |
| 19:37 | Crear | Villager (Male) |
| 19:41 | Construir | Town Center |
| 19:43 | Crear | Villager (Male) |
| 19:46 | Investigar | Gold Mining |
| 19:47 | Investigar | Stone Mining |
| 19:52 | Investigar | Horse Collar |
| 19:53 | Crear | Villager (Male) |
| 19:56 | Crear | Villager (Male) |
| 20:10 | Crear | Villager (Male) |
| 20:13 | Investigar | Gillnets |
| 20:15 | Crear | Villager (Male) |
| 20:17 | Construir | Farm |
| 20:19 | Construir | Farm |
| 20:19 | Crear | Villager (Male) |
| 20:21 | Crear | Villager (Male) |
| 20:23 | Crear | Villager (Male) |
| 20:26 | Crear | Villager (Male) |
| 20:29 | Construir | House |
| 20:31 | Construir | House |
| 20:32 | Crear | Villager (Male) |
| 20:34 | Construir | Farm |
| 20:50 | Crear | Villager (Male) |
| 20:52 | Construir | Farm |
| 20:55 | Construir | Farm |
| 20:56 | Construir | Farm |
| 20:58 | Construir | Farm |
| 20:59 | Construir | Farm |
| 21:11 | Crear | Villager (Male) |
| 21:13 | Construir | Farm |
| 21:14 | Crear | Villager (Male) |
| 21:19 | Crear | Villager (Male) |
| 21:19 | Crear | Villager (Male) |
| 21:21 | Construir | Farm |
| 21:25 | Construir | Farm |
| 21:28 | Construir | Farm |
| 21:30 | Construir | Farm |
| 21:32 | Construir | Farm |
| 21:34 | Crear | Villager (Male) |
Build order — The•Real•SuperStar☼ ◄
Primeras 150 de 373 acciones detectadas
| 0:00 | Crear | Villager (Male) |
| 0:01 | Crear | Villager (Male) |
| 0:01 | Crear | Villager (Male) |
| 0:15 | Crear | Villager (Male) |
| 1:19 | Crear | Villager (Male) |
| 1:19 | Crear | Villager (Male) |
| 1:50 | Construir | Lumber Camp |
| 2:01 | Crear | Villager (Male) |
| 2:02 | Crear | Villager (Male) |
| 2:41 | Crear | Villager (Male) |
| 2:42 | Crear | Villager (Male) |
| 2:57 | Crear | Villager (Male) |
| 2:57 | Crear | Villager (Male) |
| 3:32 | Crear | Villager (Male) |
| 3:33 | Crear | Villager (Male) |
| 4:02 | Crear | Villager (Male) |
| 4:02 | Crear | Villager (Male) |
| 5:01 | Crear | Villager (Male) |
| 5:02 | Crear | Villager (Male) |
| 5:02 | Crear | Villager (Male) |
| 5:09 | Construir | Mill |
| 6:14 | Crear | Villager (Male) |
| 6:49 | Investigar | Feudal Age |
| 6:49 | Investigar | Feudal Age |
| 6:49 | Investigar | Feudal Age |
| 6:49 | Investigar | Feudal Age |
| 6:49 | Investigar | Feudal Age |
| 6:49 | Investigar | Feudal Age |
| 7:09 | Construir | Mill |
| 7:22 | Crear | Villager (Male) |
| 7:22 | Crear | Villager (Male) |
| 7:22 | Crear | Villager (Male) |
| 8:07 | Construir | Barracks |
| 8:59 | Edad | Edad Feudal |
| 9:01 | Construir | Stable |
| 9:01 | Crear | Villager (Male) |
| 9:08 | Investigar | Double-Bit Axe |
| 9:08 | Investigar | Double-Bit Axe |
| 9:08 | Investigar | Double-Bit Axe |
| 9:08 | Investigar | Double-Bit Axe |
| 9:10 | Crear | Villager (Male) |
| 9:11 | Crear | Villager (Male) |
| 9:27 | Crear | Villager (Male) |
| 9:27 | Crear | Villager (Male) |
| 9:47 | Crear | Scout Cavalry |
| 9:47 | Crear | Scout Cavalry |
| 9:47 | Crear | Scout Cavalry |
| 9:48 | Crear | Scout Cavalry |
| 9:48 | Crear | Scout Cavalry |
| 9:48 | Crear | Scout Cavalry |
| 9:48 | Crear | Scout Cavalry |
| 10:02 | Crear | Villager (Male) |
| 10:10 | Construir | Farm |
| 10:24 | Construir | Farm |
| 10:28 | Crear | Scout Cavalry |
| 10:36 | Construir | Blacksmith |
| 10:53 | Crear | Villager (Male) |
| 11:03 | Crear | Scout Cavalry |
| 11:04 | Crear | Scout Cavalry |
| 11:04 | Crear | Scout Cavalry |
| 11:04 | Crear | Scout Cavalry |
| 11:04 | Crear | Scout Cavalry |
| 11:44 | Crear | Scout Cavalry |
| 11:44 | Crear | Scout Cavalry |
| 11:44 | Crear | Scout Cavalry |
| 11:44 | Crear | Scout Cavalry |
| 11:48 | Crear | Villager (Male) |
| 11:51 | Construir | Farm |
| 12:08 | Investigar | Forging |
| 12:08 | Investigar | Forging |
| 12:20 | Crear | Scout Cavalry |
| 12:20 | Crear | Scout Cavalry |
| 12:20 | Crear | Scout Cavalry |
| 12:20 | Crear | Scout Cavalry |
| 12:20 | Crear | Scout Cavalry |
| 12:20 | Crear | Scout Cavalry |
| 12:23 | Construir | Farm |
| 12:24 | Construir | Farm |
| 12:24 | Construir | Farm |
| 12:24 | Construir | Farm |
| 12:24 | Construir | Farm |
| 12:51 | Crear | Villager (Male) |
| 13:02 | Crear | Scout Cavalry |
| 13:02 | Crear | Scout Cavalry |
| 13:02 | Crear | Scout Cavalry |
| 13:17 | Investigar | Scale Barding Armor |
| 13:17 | Investigar | Scale Barding Armor |
| 13:41 | Crear | Scout Cavalry |
| 13:41 | Crear | Scout Cavalry |
| 13:41 | Crear | Scout Cavalry |
| 13:41 | Crear | Scout Cavalry |
| 13:41 | Crear | Scout Cavalry |
| 13:41 | Crear | Scout Cavalry |
| 13:44 | Construir | Farm |
| 13:45 | Construir | Farm |
| 14:07 | Crear | Scout Cavalry |
| 14:07 | Crear | Scout Cavalry |
| 14:07 | Crear | Scout Cavalry |
| 14:13 | Construir | Stable |
| 14:24 | Crear | Villager (Male) |
| 14:47 | Crear | Scout Cavalry |
| 14:47 | Crear | Scout Cavalry |
| 14:47 | Crear | Scout Cavalry |
| 14:47 | Crear | Scout Cavalry |
| 14:47 | Crear | Scout Cavalry |
| 14:47 | Crear | Scout Cavalry |
| 14:52 | Construir | Farm |
| 14:52 | Construir | Farm |
| 14:52 | Construir | Farm |
| 14:53 | Construir | Farm |
| 14:53 | Construir | Farm |
| 14:53 | Construir | Farm |
| 15:10 | Construir | Farm |
| 15:14 | Crear | Scout Cavalry |
| 15:14 | Crear | Scout Cavalry |
| 15:14 | Crear | Scout Cavalry |
| 15:29 | Construir | Farm |
| 15:31 | Construir | Farm |
| 15:31 | Construir | Farm |
| 15:32 | Construir | Farm |
| 15:35 | Crear | Scout Cavalry |
| 15:35 | Crear | Scout Cavalry |
| 15:35 | Crear | Scout Cavalry |
| 15:35 | Crear | Scout Cavalry |
| 15:35 | Crear | Scout Cavalry |
| 15:56 | Crear | Scout Cavalry |
| 15:56 | Crear | Scout Cavalry |
| 15:57 | Crear | Scout Cavalry |
| 15:57 | Crear | Scout Cavalry |
| 15:57 | Crear | Scout Cavalry |
| 15:57 | Crear | Scout Cavalry |
| 16:10 | Crear | Villager (Male) |
| 16:19 | Crear | Villager (Male) |
| 16:21 | Construir | Farm |
| 16:23 | Construir | Farm |
| 16:28 | Crear | Scout Cavalry |
| 16:28 | Crear | Scout Cavalry |
| 16:28 | Crear | Scout Cavalry |
| 16:28 | Crear | Scout Cavalry |
| 16:28 | Crear | Scout Cavalry |
| 16:55 | Crear | Scout Cavalry |
| 16:55 | Crear | Scout Cavalry |
| 16:55 | Crear | Scout Cavalry |
| 16:55 | Crear | Scout Cavalry |
| 16:55 | Crear | Scout Cavalry |
| 17:04 | Crear | Scout Cavalry |
| 17:04 | Crear | Scout Cavalry |
| 17:04 | Crear | Scout Cavalry |
| 17:04 | Crear | Scout Cavalry |
| 17:04 | Crear | Scout Cavalry |
Build order — DGHIR | chanchilaru
Primeras 150 de 154 acciones detectadas
| 0:00 | Crear | Villager (Male) |
| 0:00 | Crear | Villager (Male) |
| 0:01 | Crear | Villager (Male) |
| 0:01 | Crear | Villager (Male) |
| 0:01 | Crear | Villager (Male) |
| 0:02 | Construir | House |
| 0:03 | Construir | House |
| 0:29 | Investigar | Loom |
| 0:30 | Crear | Villager (Male) |
| 0:30 | Crear | Villager (Male) |
| 1:18 | Construir | Palisade Wall |
| 1:19 | Construir | Palisade Wall |
| 1:19 | Construir | Palisade Wall |
| 1:50 | Crear | Villager (Male) |
| 1:51 | Crear | Villager (Male) |
| 2:02 | Construir | House |
| 2:53 | Crear | Villager (Male) |
| 2:54 | Crear | Villager (Male) |
| 3:30 | Crear | Villager (Male) |
| 3:30 | Crear | Villager (Male) |
| 4:13 | Crear | Villager (Male) |
| 4:13 | Crear | Villager (Male) |
| 4:30 | Construir | Palisade Wall |
| 4:46 | Construir | Palisade Wall |
| 4:51 | Construir | Palisade Wall |
| 4:55 | Construir | Palisade Wall |
| 5:00 | Construir | Palisade Wall |
| 5:10 | Crear | Villager (Male) |
| 5:10 | Crear | Villager (Male) |
| 5:33 | Crear | Villager (Male) |
| 5:33 | Crear | Villager (Male) |
| 5:49 | Construir | Palisade Wall |
| 5:55 | Construir | Palisade Wall |
| 6:05 | Crear | Villager (Male) |
| 6:19 | Construir | Palisade Wall |
| 6:21 | Construir | Palisade Wall |
| 6:32 | Crear | Villager (Male) |
| 6:33 | Crear | Villager (Male) |
| 6:35 | Construir | Palisade Wall |
| 6:37 | Construir | Palisade Wall |
| 6:51 | Construir | Palisade Wall |
| 6:55 | Crear | Villager (Male) |
| 6:55 | Crear | Villager (Male) |
| 7:08 | Construir | Palisade Wall |
| 7:12 | Crear | Villager (Male) |
| 7:12 | Crear | Villager (Male) |
| 7:31 | Construir | House |
| 7:36 | Crear | Villager (Male) |
| 7:37 | Crear | Villager (Male) |
| 7:59 | Construir | House |
| 8:07 | Crear | Villager (Male) |
| 8:07 | Crear | Villager (Male) |
| 8:07 | Crear | Villager (Male) |
| 8:21 | Crear | Villager (Male) |
| 8:22 | Crear | Villager (Male) |
| 8:35 | Construir | Palisade Wall |
| 8:50 | Crear | Villager (Male) |
| 8:50 | Crear | Villager (Male) |
| 8:50 | Crear | Villager (Male) |
| 8:52 | Construir | Palisade Wall |
| 8:57 | Construir | Palisade Wall |
| 9:50 | Crear | Villager (Male) |
| 9:50 | Crear | Villager (Male) |
| 9:52 | Construir | Lumber Camp |
| 9:55 | Construir | Palisade Wall |
| 9:56 | Construir | Palisade Wall |
| 9:59 | Construir | Palisade Wall |
| 10:18 | Construir | Palisade Wall |
| 10:30 | Construir | House |
| 11:14 | Crear | Villager (Male) |
| 11:14 | Crear | Villager (Male) |
| 11:15 | Crear | Villager (Male) |
| 11:15 | Crear | Villager (Male) |
| 11:15 | Crear | Villager (Male) |
| 11:22 | Crear | Villager (Male) |
| 11:22 | Crear | Villager (Male) |
| 11:23 | Crear | Villager (Male) |
| 11:40 | Crear | Villager (Male) |
| 11:40 | Crear | Villager (Male) |
| 12:09 | Construir | Palisade Wall |
| 12:17 | Crear | Villager (Male) |
| 12:17 | Crear | Villager (Male) |
| 12:17 | Crear | Villager (Male) |
| 12:18 | Crear | Villager (Male) |
| 12:19 | Crear | Villager (Male) |
| 12:50 | Crear | Villager (Male) |
| 12:50 | Crear | Villager (Male) |
| 14:27 | Construir | Lumber Camp |
| 14:44 | Construir | Palisade Wall |
| 14:47 | Construir | Palisade Wall |
| 14:50 | Construir | Mill |
| 14:53 | Construir | House |
| 14:54 | Construir | House |
| 14:57 | Construir | Palisade Wall |
| 14:59 | Construir | Palisade Wall |
| 15:04 | Construir | House |
| 15:13 | Construir | Palisade Gate |
| 15:22 | Construir | Palisade Wall |
| 15:26 | Construir | Palisade Wall |
| 15:53 | Construir | Palisade Wall |
| 16:33 | Crear | Villager (Male) |
| 16:33 | Crear | Villager (Male) |
| 16:44 | Construir | Dock |
| 16:58 | Construir | Lumber Camp |
| 17:27 | Crear | Villager (Male) |
| 17:29 | Crear | Fishing Ship |
| 17:29 | Crear | Fishing Ship |
| 17:36 | Construir | House |
| 17:49 | Crear | Villager (Male) |
| 17:50 | Crear | Villager (Male) |
| 17:50 | Crear | Villager (Male) |
| 18:04 | Construir | House |
| 18:16 | Crear | Fishing Ship |
| 18:42 | Construir | Palisade Wall |
| 18:46 | Construir | House |
| 18:49 | Crear | Fishing Ship |
| 19:08 | Crear | Villager (Male) |
| 19:19 | Construir | Dock |
| 19:30 | Construir | Palisade Wall |
| 19:32 | Construir | Palisade Wall |
| 19:47 | Crear | Villager (Male) |
| 19:47 | Crear | Villager (Male) |
| 19:47 | Crear | Villager (Male) |
| 20:27 | Construir | Palisade Wall |
| 20:29 | Crear | Villager (Male) |
| 20:29 | Crear | Villager (Male) |
| 20:30 | Crear | Villager (Male) |
| 20:44 | Construir | Palisade Wall |
| 20:56 | Crear | Fishing Ship |
| 20:56 | Crear | Fishing Ship |
| 20:57 | Crear | Fishing Ship |
| 21:01 | Construir | House |
| 21:27 | Crear | Villager (Male) |
| 21:27 | Crear | Villager (Male) |
| 21:28 | Crear | Villager (Male) |
| 21:29 | Crear | Fishing Ship |
| 21:29 | Crear | Fishing Ship |
| 21:29 | Crear | Fishing Ship |
| 21:29 | Crear | Fishing Ship |
| 21:29 | Crear | Fishing Ship |
| 21:46 | Crear | Villager (Male) |
| 21:46 | Crear | Villager (Male) |
| 21:47 | Crear | Villager (Male) |
| 22:34 | Construir | Farm |
| 22:35 | Construir | Farm |
| 22:40 | Construir | Farm |
| 22:41 | Construir | Farm |
| 22:43 | Construir | Farm |
| 22:47 | Construir | Farm |
| 24:18 | Crear | Villager (Male) |
Build order — SeemsFishy
Primeras 150 de 207 acciones detectadas
| 0:01 | Crear | Villager (Male) |
| 0:01 | Crear | Villager (Male) |
| 0:01 | Crear | Villager (Male) |
| 0:03 | Construir | House |
| 0:06 | Construir | House |
| 0:40 | Investigar | Loom |
| 0:42 | Crear | Villager (Male) |
| 0:42 | Crear | Villager (Male) |
| 1:18 | Construir | Palisade Wall |
| 1:59 | Crear | Villager (Male) |
| 2:00 | Crear | Villager (Male) |
| 3:05 | Crear | Villager (Male) |
| 3:05 | Crear | Villager (Male) |
| 3:42 | Construir | Palisade Wall |
| 4:01 | Crear | Villager (Male) |
| 4:01 | Crear | Villager (Male) |
| 4:35 | Crear | Villager (Male) |
| 4:36 | Crear | Villager (Male) |
| 5:13 | Construir | Mule Cart |
| 5:18 | Crear | Villager (Male) |
| 5:18 | Crear | Villager (Male) |
| 5:41 | Crear | Villager (Male) |
| 6:14 | Crear | Villager (Male) |
| 6:14 | Crear | Villager (Male) |
| 6:37 | Crear | Villager (Male) |
| 6:37 | Crear | Villager (Male) |
| 6:44 | Construir | Palisade Wall |
| 7:02 | Construir | Palisade Wall |
| 7:13 | Construir | Palisade Wall |
| 7:16 | Crear | Villager (Male) |
| 7:42 | Crear | Villager (Male) |
| 7:42 | Crear | Villager (Male) |
| 8:29 | Crear | Villager (Male) |
| 9:46 | Crear | Villager (Male) |
| 9:46 | Crear | Villager (Male) |
| 10:47 | Crear | Villager (Male) |
| 10:50 | Crear | Villager (Male) |
| 10:53 | Construir | House |
| 11:15 | Construir | Palisade Wall |
| 11:22 | Crear | Villager (Male) |
| 11:22 | Crear | Villager (Male) |
| 11:44 | Construir | Dock |
| 12:24 | Crear | Villager (Male) |
| 12:24 | Crear | Villager (Male) |
| 12:32 | Construir | Mill |
| 13:21 | Crear | Villager (Male) |
| 13:26 | Construir | House |
| 13:30 | Crear | Fishing Ship |
| 13:36 | Crear | Villager (Male) |
| 14:12 | Crear | Fishing Ship |
| 14:37 | Crear | Villager (Male) |
| 14:40 | Construir | Farm |
| 14:42 | Construir | Farm |
| 15:17 | Crear | Villager (Male) |
| 15:22 | Construir | House |
| 15:25 | Construir | House |
| 15:48 | Investigar | Feudal Age |
| 15:51 | Crear | Fishing Ship |
| 16:33 | Construir | Farm |
| 16:34 | Construir | Farm |
| 16:41 | Crear | Fishing Ship |
| 17:04 | Construir | Mule Cart |
| 17:52 | Crear | Villager (Male) |
| 17:58 | Edad | Edad Feudal |
| 18:05 | Construir | Stone Wall |
| 18:09 | Construir | Stone Wall |
| 18:15 | Crear | Villager (Male) |
| 18:22 | Investigar | Tech 906 |
| 18:46 | Construir | Stone Wall |
| 18:55 | Crear | Villager (Male) |
| 18:58 | Construir | Farm |
| 19:01 | Construir | Farm |
| 19:30 | Crear | Villager (Male) |
| 19:42 | Construir | Farm |
| 20:04 | Construir | Fish Trap |
| 20:10 | Crear | Villager (Male) |
| 20:41 | Investigar | Double-Bit Axe |
| 20:50 | Crear | Villager (Male) |
| 20:51 | Crear | Villager (Male) |
| 21:12 | Construir | Market |
| 21:21 | Crear | Villager (Male) |
| 21:47 | Construir | Blacksmith |
| 22:04 | Crear | Villager (Male) |
| 22:07 | Construir | Farm |
| 22:07 | Construir | Farm |
| 22:07 | Construir | Farm |
| 22:08 | Construir | Farm |
| 22:17 | Construir | House |
| 22:21 | Investigar | Castle Age |
| 22:37 | Construir | Fish Trap |
| 22:47 | Crear | Fishing Ship |
| 22:59 | Construir | Fish Trap |
| 23:10 | Construir | Fish Trap |
| 23:35 | Construir | Mule Cart |
| 23:51 | Construir | Fish Trap |
| 23:57 | Crear | Fishing Ship |
| 24:10 | Investigar | Horse Collar |
| 24:49 | Construir | Stone Wall |
| 25:00 | Construir | Stone Wall |
| 25:01 | Edad | Edad de los Castillos |
| 25:18 | Construir | Town Center |
| 25:23 | Construir | Monastery |
| 25:39 | Crear | Villager (Male) |
| 25:39 | Crear | Villager (Male) |
| 25:39 | Crear | Villager (Male) |
| 25:48 | Investigar | Gillnets |
| 26:11 | Crear | Villager (Male) |
| 26:15 | Crear | Monk |
| 26:32 | Construir | Stone Wall |
| 26:37 | Crear | Villager (Male) |
| 26:42 | Crear | Villager (Male) |
| 26:42 | Crear | Villager (Male) |
| 26:53 | Construir | Farm |
| 26:56 | Investigar | Heavy Plow |
| 27:08 | Construir | Outpost |
| 27:10 | Investigar | Town Watch |
| 27:14 | Investigar | Wheelbarrow |
| 27:16 | Construir | Farm |
| 27:37 | Construir | Farm |
| 27:38 | Crear | Villager (Male) |
| 27:41 | Crear | Demolition Raft |
| 27:45 | Crear | Fishing Ship |
| 27:50 | Construir | House |
| 27:51 | Construir | House |
| 27:52 | Construir | House |
| 28:02 | Construir | Farm |
| 28:10 | Investigar | Bow Saw |
| 28:18 | Crear | Villager (Male) |
| 28:18 | Crear | Villager (Male) |
| 28:47 | Crear | Villager (Male) |
| 29:00 | Crear | Villager (Male) |
| 29:01 | Crear | Villager (Male) |
| 29:08 | Crear | Fishing Ship |
| 29:08 | Crear | Fishing Ship |
| 29:20 | Construir | Stone Wall |
| 29:29 | Investigar | Hand Cart |
| 29:39 | Construir | University |
| 29:40 | Crear | Villager (Male) |
| 29:46 | Construir | Mule Cart |
| 29:47 | Crear | Villager (Male) |
| 29:48 | Crear | Villager (Male) |
| 30:06 | Construir | Farm |
| 30:39 | Construir | Stone Wall |
| 30:41 | Crear | Villager (Male) |
| 30:45 | Investigar | Fortified Wall (upgrade) |
| 30:49 | Crear | Villager (Male) |
| 30:49 | Crear | Villager (Male) |
| 30:55 | Construir | Town Center |
| 31:01 | Construir | Fish Trap |
| 31:03 | Construir | Fish Trap |
Build order — TRex
Primeras 150 de 276 acciones detectadas
| 0:01 | Crear | Villager (Male) ×4 |
| 0:02 | Construir | House |
| 0:03 | Construir | House |
| 0:26 | Investigar | Loom |
| 0:28 | Crear | Villager (Male) |
| 0:28 | Crear | Villager (Male) |
| 0:28 | Crear | Villager (Male) |
| 1:52 | Construir | Palisade Wall |
| 1:53 | Construir | Palisade Wall |
| 2:03 | Crear | Villager (Male) |
| 2:03 | Crear | Villager (Male) |
| 3:02 | Construir | Lumber Camp |
| 3:16 | Crear | Villager (Male) |
| 3:16 | Crear | Villager (Male) |
| 3:16 | Crear | Villager (Male) |
| 3:44 | Construir | Palisade Wall |
| 4:12 | Crear | Villager (Male) |
| 4:12 | Crear | Villager (Male) |
| 4:40 | Construir | Palisade Wall |
| 4:55 | Construir | Palisade Wall |
| 5:01 | Crear | Villager (Male) |
| 5:01 | Crear | Villager (Male) |
| 5:21 | Construir | Palisade Gate |
| 5:31 | Crear | Villager (Male) |
| 6:04 | Crear | Villager (Male) |
| 6:04 | Crear | Villager (Male) |
| 6:32 | Crear | Villager (Male) |
| 6:32 | Crear | Villager (Male) |
| 6:39 | Construir | House |
| 6:53 | Crear | Villager (Male) |
| 6:53 | Crear | Villager (Male) |
| 7:22 | Crear | Villager (Male) |
| 7:22 | Crear | Villager (Male) |
| 8:14 | Crear | Villager (Male) |
| 8:14 | Crear | Villager (Male) |
| 8:14 | Crear | Villager (Male) |
| 8:14 | Crear | Villager (Male) |
| 8:19 | Construir | House |
| 8:42 | Construir | House |
| 9:11 | Crear | Villager (Male) |
| 9:37 | Crear | Villager (Male) |
| 9:37 | Crear | Villager (Male) |
| 10:43 | Construir | House |
| 10:43 | Construir | House |
| 10:59 | Construir | Palisade Wall |
| 11:02 | Crear | Villager (Male) |
| 11:02 | Crear | Villager (Male) |
| 11:03 | Crear | Villager (Male) |
| 11:31 | Construir | Palisade Wall |
| 11:32 | Crear | Villager (Male) |
| 11:32 | Crear | Villager (Male) |
| 11:39 | Construir | Palisade Wall |
| 11:41 | Construir | Palisade Wall |
| 11:41 | Crear | Villager (Male) |
| 11:42 | Crear | Villager (Male) |
| 11:42 | Crear | Villager (Male) |
| 11:50 | Construir | Palisade Gate |
| 11:53 | Construir | Palisade Gate |
| 12:10 | Crear | Villager (Male) |
| 12:33 | Construir | Mill |
| 12:35 | Construir | Dock |
| 12:41 | Construir | House |
| 12:41 | Construir | House |
| 13:41 | Construir | House |
| 13:42 | Construir | House |
| 13:47 | Construir | House |
| 13:48 | Construir | House |
| 13:50 | Construir | House |
| 14:05 | Crear | Villager (Male) |
| 14:05 | Crear | Villager (Male) |
| 14:09 | Construir | Farm |
| 14:12 | Crear | Fishing Ship |
| 14:12 | Crear | Fishing Ship |
| 14:15 | Crear | Villager (Male) |
| 14:15 | Crear | Villager (Male) |
| 15:02 | Construir | Lumber Camp |
| 15:22 | Crear | Villager (Male) |
| 15:22 | Crear | Villager (Male) |
| 15:52 | Construir | Lumber Camp |
| 16:03 | Crear | Villager (Male) |
| 16:17 | Crear | Fishing Ship |
| 16:17 | Crear | Fishing Ship |
| 16:31 | Crear | Villager (Male) |
| 16:41 | Crear | Fishing Ship |
| 16:42 | Crear | Fishing Ship |
| 16:47 | Crear | Fishing Ship |
| 16:47 | Crear | Fishing Ship |
| 16:56 | Investigar | Feudal Age |
| 16:56 | Investigar | Feudal Age |
| 17:18 | Construir | Farm |
| 17:37 | Crear | Fishing Ship |
| 17:45 | Construir | Mining Camp |
| 18:28 | Crear | Fishing Ship |
| 18:35 | Construir | Outpost |
| 18:38 | Construir | Outpost |
| 18:44 | Construir | Outpost |
| 18:57 | Construir | Farm |
| 19:05 | Crear | Villager (Male) |
| 19:06 | Crear | Villager (Male) |
| 19:12 | Edad | Edad Feudal |
| 19:17 | Construir | Dock |
| 19:40 | Construir | Watch Tower |
| 19:45 | Construir | Stone Wall |
| 19:47 | Investigar | Town Watch |
| 19:48 | Investigar | Wheelbarrow |
| 19:53 | Investigar | Horse Collar |
| 19:53 | Investigar | Horse Collar |
| 19:57 | Investigar | Tech 906 |
| 19:57 | Investigar | Tech 906 |
| 19:59 | Investigar | Double-Bit Axe |
| 19:59 | Investigar | Double-Bit Axe |
| 20:05 | Construir | Stone Wall |
| 20:07 | Construir | Stone Wall |
| 20:09 | Construir | Stone Wall |
| 20:13 | Construir | Stone Wall |
| 20:15 | Construir | Stone Wall |
| 20:19 | Construir | Stone Wall |
| 20:30 | Construir | Gate |
| 20:32 | Crear | Villager (Male) |
| 21:05 | Construir | Stone Wall |
| 21:18 | Investigar | Stone Mining |
| 21:19 | Investigar | Stone Mining |
| 21:24 | Crear | Fishing Ship |
| 21:24 | Crear | Fishing Ship |
| 21:29 | Construir | Mining Camp |
| 21:33 | Construir | Farm |
| 21:34 | Construir | Farm |
| 21:35 | Construir | Farm |
| 21:37 | Construir | Farm |
| 21:37 | Construir | Farm |
| 21:38 | Construir | Farm |
| 21:40 | Construir | Farm |
| 21:41 | Construir | Farm |
| 21:46 | Construir | Fish Trap |
| 21:49 | Crear | Villager (Male) |
| 21:50 | Crear | Villager (Male) |
| 21:52 | Construir | Fish Trap |
| 22:05 | Construir | Fish Trap |
| 22:13 | Construir | Fish Trap |
| 22:16 | Construir | Market |
| 22:27 | Construir | Blacksmith |
| 22:46 | Construir | Gate |
| 22:47 | Construir | Stone Wall |
| 22:55 | Construir | Fish Trap |
| 23:15 | Investigar | Castle Age |
| 23:15 | Investigar | Castle Age |
| 23:18 | Crear | Fishing Ship |
| 23:19 | Crear | Fishing Ship |
| 23:28 | Construir | Fish Trap |
| 23:47 | Construir | Fish Trap |
Build order — DGHIR | Black Monk
Primeras 150 de 256 acciones detectadas
| 0:01 | Crear | Villager (Male) |
| 0:01 | Crear | Villager (Male) |
| 0:01 | Crear | Villager (Male) |
| 0:02 | Crear | Villager (Male) |
| 0:03 | Construir | House |
| 0:19 | Investigar | Loom |
| 0:26 | Crear | Villager (Male) |
| 0:26 | Crear | Villager (Male) |
| 0:27 | Crear | Villager (Male) |
| 0:43 | Construir | Palisade Wall |
| 1:53 | Construir | Palisade Wall |
| 2:27 | Construir | Palisade Wall |
| 2:28 | Construir | Palisade Wall |
| 2:31 | Construir | Palisade Wall |
| 2:32 | Construir | Palisade Wall |
| 2:43 | Crear | Villager (Male) |
| 2:43 | Crear | Villager (Male) |
| 3:14 | Construir | Palisade Gate |
| 3:19 | Construir | Palisade Wall |
| 3:21 | Crear | Villager (Male) |
| 3:22 | Crear | Villager (Male) |
| 3:30 | Construir | Palisade Wall |
| 3:43 | Construir | Palisade Wall |
| 3:45 | Construir | Palisade Wall |
| 3:46 | Construir | Palisade Wall |
| 4:09 | Crear | Villager (Male) |
| 4:10 | Crear | Villager (Male) |
| 4:20 | Construir | Palisade Wall |
| 4:21 | Construir | Palisade Wall |
| 4:27 | Construir | Palisade Wall |
| 4:29 | Construir | Palisade Wall |
| 4:30 | Construir | Palisade Wall |
| 4:32 | Construir | Palisade Wall |
| 4:42 | Construir | Palisade Wall |
| 4:44 | Construir | Palisade Wall |
| 4:45 | Construir | Palisade Wall |
| 4:53 | Construir | Palisade Wall |
| 4:58 | Construir | Palisade Wall |
| 5:09 | Crear | Villager (Male) |
| 5:09 | Crear | Villager (Male) |
| 5:14 | Construir | Palisade Wall |
| 5:19 | Crear | Villager (Male) |
| 5:19 | Crear | Villager (Male) |
| 5:20 | Crear | Villager (Male) |
| 6:09 | Construir | House |
| 6:17 | Crear | Villager (Male) |
| 6:18 | Crear | Villager (Male) |
| 6:39 | Crear | Villager (Male) |
| 7:12 | Crear | Villager (Male) |
| 7:12 | Crear | Villager (Male) |
| 7:12 | Crear | Villager (Male) |
| 7:31 | Construir | Palisade Wall |
| 7:32 | Construir | Palisade Wall |
| 8:06 | Crear | Villager (Male) |
| 8:06 | Crear | Villager (Male) |
| 8:37 | Crear | Villager (Male) |
| 8:37 | Crear | Villager (Male) |
| 8:38 | Crear | Villager (Male) |
| 8:59 | Construir | Palisade Wall |
| 9:36 | Crear | Villager (Male) |
| 9:40 | Crear | Villager (Male) |
| 9:41 | Crear | Villager (Male) |
| 9:41 | Crear | Villager (Male) |
| 9:57 | Crear | Villager (Male) |
| 10:25 | Crear | Villager (Male) |
| 10:41 | Construir | Palisade Wall |
| 10:45 | Construir | Palisade Wall |
| 11:47 | Crear | Villager (Male) |
| 11:55 | Construir | Palisade Wall |
| 11:58 | Construir | Palisade Wall |
| 12:00 | Construir | Dock |
| 12:02 | Construir | Palisade Wall |
| 12:05 | Construir | Palisade Wall |
| 12:17 | Crear | Villager (Male) |
| 12:28 | Crear | Villager (Male) |
| 12:50 | Construir | Palisade Wall |
| 13:01 | Construir | Palisade Wall |
| 13:17 | Construir | House |
| 13:21 | Construir | Lumber Camp |
| 13:42 | Construir | Palisade Wall |
| 13:52 | Construir | Palisade Wall |
| 13:55 | Construir | Palisade Wall |
| 14:06 | Crear | Villager (Male) |
| 14:27 | Crear | Villager (Male) |
| 14:47 | Construir | House |
| 14:54 | Construir | Palisade Wall |
| 15:37 | Investigar | Feudal Age |
| 15:40 | Construir | Mill |
| 15:53 | Construir | Palisade Wall |
| 16:03 | Construir | House |
| 16:07 | Crear | Villager (Male) |
| 17:24 | Construir | Palisade Wall |
| 17:31 | Crear | Villager (Male) |
| 17:39 | Construir | Dock |
| 17:47 | Edad | Edad Feudal |
| 17:51 | Investigar | Double-Bit Axe |
| 18:00 | Construir | Stone Wall |
| 18:08 | Construir | Stone Wall |
| 18:14 | Crear | Fishing Ship |
| 18:16 | Crear | Fishing Ship |
| 18:20 | Construir | House |
| 18:42 | Construir | Palisade Wall |
| 18:44 | Construir | Palisade Wall |
| 18:50 | Crear | Villager (Male) |
| 18:55 | Crear | Villager (Male) |
| 18:56 | Crear | Fishing Ship |
| 19:12 | Crear | Villager (Male) |
| 19:35 | Crear | Fishing Ship |
| 19:36 | Crear | Villager (Male) |
| 19:39 | Construir | House |
| 19:43 | Construir | House |
| 20:06 | Crear | Villager (Male) |
| 20:11 | Crear | Fishing Ship |
| 20:19 | Crear | Villager (Male) |
| 20:23 | Construir | Outpost |
| 20:26 | Construir | Outpost |
| 20:41 | Construir | Lumber Camp |
| 20:43 | Crear | Fishing Ship |
| 20:58 | Construir | Fish Trap |
| 21:02 | Construir | Fish Trap |
| 21:11 | Construir | Mining Camp |
| 21:32 | Crear | Villager (Male) |
| 21:33 | Crear | Villager (Male) |
| 21:37 | Construir | Fish Trap |
| 21:50 | Construir | Fish Trap |
| 22:08 | Crear | Villager (Male) |
| 22:15 | Construir | Fish Trap |
| 22:23 | Construir | Fish Trap |
| 22:28 | Crear | Fishing Ship |
| 22:30 | Crear | Villager (Male) |
| 22:46 | Crear | Fishing Ship |
| 22:46 | Crear | Transport Ship |
| 23:13 | Crear | Villager (Male) |
| 23:17 | Construir | House |
| 23:23 | Construir | House |
| 23:25 | Crear | Fishing Ship |
| 23:28 | Construir | Dock |
| 23:31 | Construir | Fish Trap |
| 23:53 | Construir | Fish Trap |
| 23:58 | Crear | Fishing Ship |
| 24:00 | Crear | Villager (Male) |
| 24:02 | Crear | Villager (Male) |
| 24:20 | Crear | Fishing Ship |
| 24:21 | Crear | Fishing Ship |
| 24:22 | Investigar | Tech 906 |
| 24:25 | Construir | House |
| 24:47 | Construir | Fish Trap |
| 24:53 | Crear | Fishing Ship |
| 25:04 | Construir | Fish Trap |
| 25:12 | Construir | Fish Trap |
Cronología de la partida
| 0:43 | DGHIR | Black Monk · wall_segment Palisade Wall x16 |
| 1:18 | SeemsFishy · wall_segment Palisade Wall x6 |
| 1:18 | DGHIR | chanchilaru · wall_segment Palisade Wall x1 |
| 1:19 | DGHIR | chanchilaru · wall_segment Palisade Wall x1 |
| 1:19 | DGHIR | chanchilaru · wall_segment Palisade Wall x1 |
| 1:52 | TRex · wall_segment Palisade Wall x1 |
| 1:53 | TRex · wall_segment Palisade Wall x1 |
| 1:53 | DGHIR | Black Monk · wall_segment Palisade Wall x9 |
| 2:27 | DGHIR | Black Monk · wall_segment Palisade Wall x1 |
| 2:28 | DGHIR | Black Monk · wall_segment Palisade Wall x1 |
| 2:31 | DGHIR | Black Monk · wall_segment Palisade Wall x1 |
| 2:32 | DGHIR | Black Monk · wall_segment Palisade Wall x1 |
| 3:19 | DGHIR | Black Monk · wall_segment Palisade Wall x2 |
| 3:30 | DGHIR | Black Monk · wall_segment Palisade Wall x1 |
| 3:42 | SeemsFishy · wall_segment Palisade Wall x2 |
| 3:43 | DGHIR | Black Monk · wall_segment Palisade Wall x1 |
| 3:44 | TRex · wall_segment Palisade Wall x4 |
| 3:45 | DGHIR | Black Monk · wall_segment Palisade Wall x1 |
| 3:46 | DGHIR | Black Monk · wall_segment Palisade Wall x1 |
| 4:20 | DGHIR | Black Monk · wall_segment Palisade Wall x1 |
| 4:21 | DGHIR | Black Monk · wall_segment Palisade Wall x1 |
| 4:27 | DGHIR | Black Monk · wall_segment Palisade Wall x1 |
| 4:29 | DGHIR | Black Monk · wall_segment Palisade Wall x1 |
| 4:30 | DGHIR | chanchilaru · wall_segment Palisade Wall x8 |
| 4:30 | DGHIR | Black Monk · wall_segment Palisade Wall x1 |
| 4:32 | DGHIR | Black Monk · wall_segment Palisade Wall x1 |
| 4:40 | TRex · wall_segment Palisade Wall x1 |
| 4:42 | DGHIR | Black Monk · wall_segment Palisade Wall x1 |
| 4:44 | DGHIR | Black Monk · wall_segment Palisade Wall x1 |
| 4:45 | DGHIR | Black Monk · wall_segment Palisade Wall x1 |
| 4:46 | DGHIR | chanchilaru · wall_segment Palisade Wall x3 |
| 4:51 | DGHIR | chanchilaru · wall_segment Palisade Wall x1 |
| 4:53 | DGHIR | Black Monk · wall_segment Palisade Wall x1 |
| 4:55 | DGHIR | chanchilaru · wall_segment Palisade Wall x1 |
| 4:55 | TRex · wall_segment Palisade Wall x1 |
| 4:58 | DGHIR | Black Monk · wall_segment Palisade Wall x1 |
| 5:00 | DGHIR | chanchilaru · wall_segment Palisade Wall x1 |
| 5:08 | DGHIR | ClinT · first_building Dock |
| 5:14 | DGHIR | Black Monk · wall_segment Palisade Wall x3 |
| 5:49 | DGHIR | chanchilaru · wall_segment Palisade Wall x1 |
| 5:55 | DGHIR | chanchilaru · wall_segment Palisade Wall x3 |
| 6:19 | DGHIR | chanchilaru · wall_segment Palisade Wall x1 |
| 6:21 | DGHIR | chanchilaru · wall_segment Palisade Wall x1 |
| 6:29 | MasteRk · first_building Dock |
| 6:35 | DGHIR | chanchilaru · wall_segment Palisade Wall x1 |
| 6:37 | DGHIR | chanchilaru · wall_segment Palisade Wall x1 |
| 6:44 | SeemsFishy · wall_segment Palisade Wall x4 |
| 6:51 | DGHIR | chanchilaru · wall_segment Palisade Wall x4 |
| 7:02 | SeemsFishy · wall_segment Palisade Wall x8 |
| 7:08 | DGHIR | chanchilaru · wall_segment Palisade Wall x20 |
| 7:08 | DGHIR | 100.Pañales · first_building Dock |
| 7:13 | SeemsFishy · wall_segment Palisade Wall x1 |
| 7:31 | DGHIR | Black Monk · wall_segment Palisade Wall x1 |
| 7:32 | DGHIR | Black Monk · wall_segment Palisade Wall x1 |
| 8:05 | MasteRk · wall_segment Palisade Wall x1 |
| 8:07 | The•Real•SuperStar☼ ◄ · first_building Barracks |
| 8:35 | DGHIR | chanchilaru · wall_segment Palisade Wall x1 |
| 8:52 | DGHIR | chanchilaru · wall_segment Palisade Wall x1 |
| 8:57 | DGHIR | chanchilaru · wall_segment Palisade Wall x1 |
| 8:59 | The•Real•SuperStar☼ ◄ · age_up feudal |
| 8:59 | DGHIR | Black Monk · wall_segment Palisade Wall x1 |
| 9:01 | The•Real•SuperStar☼ ◄ · first_building Stable |
| 9:55 | DGHIR | chanchilaru · wall_segment Palisade Wall x1 |
| 9:56 | DGHIR | chanchilaru · wall_segment Palisade Wall x1 |
| 9:59 | DGHIR | chanchilaru · wall_segment Palisade Wall x1 |
| 10:04 | MasteRk · first_building Barracks |
| 10:18 | DGHIR | chanchilaru · wall_segment Palisade Wall x1 |
| 10:41 | DGHIR | Black Monk · wall_segment Palisade Wall x1 |
| 10:45 | DGHIR | Black Monk · wall_segment Palisade Wall x1 |
| 10:59 | TRex · wall_segment Palisade Wall x1 |
| 11:15 | SeemsFishy · wall_segment Palisade Wall x10 |
| 11:16 | MasteRk · age_up feudal |
| 11:29 | MasteRk · first_building Stable |
| 11:31 | TRex · wall_segment Palisade Wall x1 |
| 11:39 | TRex · wall_segment Palisade Wall x1 |
| 11:41 | TRex · wall_segment Palisade Wall x5 |
| 11:42 | MasteRk · wall_segment Palisade Wall x1 |
| 11:43 | MasteRk · wall_segment Palisade Wall x1 |
| 11:44 | SeemsFishy · first_building Dock |
| 11:45 | MasteRk · wall_segment Palisade Wall x1 |
| 11:46 | MasteRk · wall_segment Palisade Wall x1 |
| 11:48 | MasteRk · wall_segment Palisade Wall x1 |
| 11:49 | MasteRk · wall_segment Palisade Wall x1 |
| 11:49 | DGHIR | ClinT · first_building Barracks |
| 11:51 | MasteRk · wall_segment Palisade Wall x1 |
| 11:52 | MasteRk · wall_segment Palisade Wall x1 |
| 11:55 | DGHIR | Black Monk · wall_segment Palisade Wall x1 |
| 11:58 | DGHIR | Black Monk · wall_segment Palisade Wall x1 |
| 12:00 | DGHIR | ClinT · age_up feudal |
| 12:00 | DGHIR | Black Monk · first_building Dock |
| 12:02 | DGHIR | Black Monk · wall_segment Palisade Wall x1 |
| 12:05 | DGHIR | Black Monk · wall_segment Palisade Wall x1 |
| 12:09 | DGHIR | chanchilaru · wall_segment Palisade Wall x1 |
| 12:35 | TRex · first_building Dock |
| 12:47 | DGHIR | ClinT · first_building Stable |
| 12:50 | DGHIR | Black Monk · wall_segment Palisade Wall x1 |
| 13:01 | DGHIR | Black Monk · wall_segment Palisade Wall x1 |
| 13:02 | DGHIR | 100.Pañales · age_up feudal |
| 13:42 | DGHIR | Black Monk · wall_segment Palisade Wall x1 |
| 13:52 | DGHIR | Black Monk · wall_segment Palisade Wall x1 |
| 13:55 | DGHIR | Black Monk · wall_segment Palisade Wall x1 |
| 14:44 | DGHIR | chanchilaru · wall_segment Palisade Wall x4 |
| 14:47 | DGHIR | chanchilaru · wall_segment Palisade Wall x10 |
| 14:54 | DGHIR | Black Monk · wall_segment Palisade Wall x1 |
| 14:57 | DGHIR | chanchilaru · wall_segment Palisade Wall x1 |
| 14:59 | DGHIR | chanchilaru · wall_segment Palisade Wall x1 |
| 15:22 | DGHIR | chanchilaru · wall_segment Palisade Wall x1 |
| 15:26 | DGHIR | chanchilaru · wall_segment Palisade Wall x1 |
| 15:48 | MasteRk · wall_segment Palisade Wall x1 |
| 15:50 | MasteRk · wall_segment Palisade Wall x1 |
| 15:53 | DGHIR | chanchilaru · wall_segment Palisade Wall x18 |
| 15:53 | DGHIR | Black Monk · wall_segment Palisade Wall x1 |
| 16:44 | DGHIR | chanchilaru · first_building Dock |
| 17:11 | DGHIR | 100.Pañales · age_up castle |
| 17:23 | MasteRk · age_up castle |
| 17:24 | DGHIR | Black Monk · wall_segment Palisade Wall x1 |
| 17:34 | MasteRk · first_market_buy 100 stone |
| 17:47 | DGHIR | Black Monk · age_up feudal |
| 17:58 | SeemsFishy · age_up feudal |
| 18:00 | DGHIR | Black Monk · wall_segment Stone Wall x10 |
| 18:05 | SeemsFishy · wall_segment Stone Wall x5 |
| 18:08 | DGHIR | Black Monk · wall_segment Stone Wall x12 |
| 18:09 | SeemsFishy · wall_segment Stone Wall x10 |
| 18:42 | DGHIR | chanchilaru · wall_segment Palisade Wall x17 |
| 18:42 | DGHIR | Black Monk · wall_segment Palisade Wall x1 |
| 18:44 | DGHIR | Black Monk · wall_segment Palisade Wall x1 |
| 18:46 | SeemsFishy · wall_segment Stone Wall x2 |
| 19:03 | DGHIR | ClinT · first_market_sell 100 wood |
| 19:04 | DGHIR | ClinT · first_market_buy 100 food |
| 19:12 | TRex · age_up feudal |
| 19:30 | DGHIR | chanchilaru · wall_segment Palisade Wall x2 |
| 19:32 | DGHIR | chanchilaru · wall_segment Palisade Wall x1 |
| 19:37 | DGHIR | 100.Pañales · first_market_buy 100 stone |
| 19:41 | DGHIR | ClinT · wall_segment Palisade Wall x1 |
| 19:45 | TRex · wall_segment Stone Wall x15 |
| 20:05 | TRex · wall_segment Stone Wall x1 |
| 20:07 | TRex · wall_segment Stone Wall x1 |
| 20:09 | TRex · wall_segment Stone Wall x1 |
| 20:13 | TRex · wall_segment Stone Wall x1 |
| 20:15 | TRex · wall_segment Stone Wall x1 |
| 20:19 | TRex · wall_segment Stone Wall x1 |
| 20:27 | DGHIR | chanchilaru · wall_segment Palisade Wall x1 |
| 20:44 | DGHIR | chanchilaru · wall_segment Palisade Wall x1 |
| 21:05 | TRex · wall_segment Stone Wall x1 |
| 22:14 | DGHIR | 100.Pañales · first_building Barracks |
| 22:47 | TRex · wall_segment Stone Wall x9 |
| 23:07 | TRex · first_market_sell 100 stone |
| 23:15 | DGHIR | 100.Pañales · first_building Stable |
| 24:30 | DGHIR | 100.Pañales · first_market_sell 100 wood |
| 24:49 | SeemsFishy · wall_segment Stone Wall x14 |
| 25:00 | SeemsFishy · wall_segment Stone Wall x11 |
| 25:01 | SeemsFishy · age_up castle |
| 25:09 | TRex · wall_segment Stone Wall x12 |
| 25:11 | SeemsFishy · first_market_sell 100 food |
| 25:13 | SeemsFishy · first_market_buy 100 stone |
| 25:23 | SeemsFishy · first_building Monastery |
| 25:45 | MasteRk · first_building Monastery |
| 25:54 | TRex · age_up castle |
| 26:10 | DGHIR | 100.Pañales · first_building Monastery |
| 26:17 | TRex · first_building Monastery |
| 26:32 | SeemsFishy · wall_segment Stone Wall x1 |
| 26:56 | DGHIR | 100.Pañales · first_building Castle |
| 26:59 | MasteRk · first_building Castle |
| 27:03 | DGHIR | 100.Pañales · first_building Siege Workshop |
| 27:16 | MasteRk · first_market_sell 100 food |
| 27:21 | DGHIR | ClinT · age_up castle |
| 27:34 | DGHIR | ClinT · tribute_sent a jugador 1 |
| 27:34 | DGHIR | ClinT · tribute_sent a jugador 2 |
| 27:34 | DGHIR | ClinT · tribute_sent a jugador 3 |
| 27:34 | DGHIR | ClinT · tribute_sent a jugador 4 |
| 27:34 | DGHIR | ClinT · tribute_sent a jugador 5 |
| 27:34 | DGHIR | ClinT · tribute_sent a jugador 7 |
| 27:34 | DGHIR | ClinT · tribute_sent a jugador 8 |
| 27:59 | TRex · first_building Siege Workshop |
| 28:54 | DGHIR | Black Monk · first_market_buy 100 food |
| 29:17 | TRex · first_building Barracks |
| 29:20 | SeemsFishy · wall_segment Stone Wall x17 |
| 30:02 | TRex · age_up imperial |
| 30:11 | TRex · first_building Archery Range |
| 30:39 | SeemsFishy · wall_segment Stone Wall x19 |
| 30:48 | MasteRk · age_up imperial |
| 30:53 | DGHIR | 100.Pañales · age_up imperial |
| 30:58 | The•Real•SuperStar☼ ◄ · first_market_buy 100 stone |
| 31:08 | The•Real•SuperStar☼ ◄ · age_up castle |
| 31:41 | DGHIR | ClinT · first_building Siege Workshop |
| 31:50 | DGHIR | Black Monk · age_up castle |
| 31:52 | The•Real•SuperStar☼ ◄ · first_market_sell 100 food |
| 31:58 | DGHIR | Black Monk · first_building Monastery |
| 32:33 | SeemsFishy · wall_segment Stone Wall x18 |
| 33:14 | DGHIR | Black Monk · first_market_sell 100 food |
| 33:24 | MasteRk · first_building Siege Workshop |
| 33:49 | DGHIR | Black Monk · first_building Siege Workshop |
| 34:34 | MasteRk · wall_segment Stone Wall x2 |
| 34:34 | MasteRk · wall_segment Stone Wall x1 |
| 34:35 | MasteRk · wall_segment Stone Wall x5 |
| 34:38 | SeemsFishy · first_building Castle |
| 34:52 | SeemsFishy · wall_segment Stone Wall x1 |
| 34:56 | DGHIR | Black Monk · first_building Castle |
| 34:57 | TRex · first_building Castle |
| 35:11 | DGHIR | Black Monk · first_building Barracks |
| 35:59 | DGHIR | Black Monk · first_building Archery Range |
| 36:30 | MasteRk · tribute_sent a jugador 2 |
| 36:30 | MasteRk · tribute_sent a jugador 3 |
| 36:30 | MasteRk · tribute_sent a jugador 4 |
| 36:30 | MasteRk · tribute_sent a jugador 5 |
| 36:30 | MasteRk · tribute_sent a jugador 6 |
| 36:30 | MasteRk · tribute_sent a jugador 7 |
| 36:30 | MasteRk · tribute_sent a jugador 8 |
| 36:36 | DGHIR | Black Monk · age_up imperial |
| 36:38 | SeemsFishy · first_building Barracks |
| 36:44 | DGHIR | 100.Pañales · resign |
[ ANÁLISIS IA · 1 CRÉDITO ]
¿Qué pasó realmente en esta partida?
Wolo.gg analiza cada decisión: build order, eco, micro, errores típicos por bracket. Análisis personalizado por WhatsApp o Discord en 30 segundos.
Guía civ
Magiares
Perfil
Jugador #9365436